 Dungeon Crawl Stone Soup version 0.31-a0-263-ge8cad7f256 (webtiles) character file.

Game seed: 12222803303487564625

109 Iniera the Slasher (level 4, -3/35 HPs)
             Began as a Vampire Monk on July 14, 2023.
             Was a Believer of Qazlal.
             Slain by a sleepcap (6 damage)
             ... on level 3 of the Dungeon.
             The game lasted 00:03:00 (1678 turns).

Iniera the Slasher (Vampire Monk)                   Turns: 1678, Time: 00:03:00

Health: -3/35      AC:  2    Str: 10    XL:     4   Next: 59%
Magic:  4/4        EV:  2    Int: 12    God:    Qazlal [**....]
Gold:   25         SH:  0    Dex: 18    Spells: 3/3 levels left

rFire   . . .        a - +0 falchion
rCold   . . .        d - orb {light}
rNeg    . . .        b - +0 robe
rPois   .            (no helmet)
rElec   .            (no cloak)
rCorr   .            (no gloves)
SInv    +            (no boots)
Will    +....        (no amulet)
Stlth   +            j - ring of willpower
HPRegen 0.45/turn    (no ring)
MPRegen 0.09/turn

%: no passive effects
@: sleeping, healing quickly, glowing
A: alive, fangs 3, see invisible, vampiric 2
a: Exsanguinate, Renounce Religion, Upheaval


You were on level 3 of the Dungeon.
You worshipped Qazlal.
Qazlal was pleased with you.
You visited 1 branch of the dungeon, and saw 3 of its levels.

You collected 108 gold pieces.
You spent 83 gold pieces at shops.

Inventory:

Hand Weapons
 a - a +0 falchion (weapon)
Armour
 b - a +0 robe (worn)
 d - an orb of light (worn)
Jewellery
 j - a ring of willpower (left hand)
Scrolls
 e - 2 scrolls of identify {unknown}
 g - 4 scrolls of enchant armour {unknown}
 h - 3 scrolls of vulnerability {unknown}
 i - 2 scrolls of noise {unknown}
 m - a scroll of teleportation {unknown}
 n - a scroll of immolation {unknown}
 o - 3 scrolls of enchant weapon {unknown}
 p - a scroll of brand weapon {unknown}
 q - a scroll of butterflies {unknown}
Potions
 c - a potion of ambrosia
 f - a potion of degeneration
 k - a potion of berserk rage {unknown}
 l - a potion of heal wounds


   Skills:
 + Level 3.3 Fighting
 * Level 4.4 Long Blades
 + Level 4.0 Dodging


You had 3 spell levels left.
You didn't know any spells.
Your spell library contained the following spells:

 Spells                   Type           Power      Damage    Failure   Level
 Freeze                   Ice            0%         1d3       32%         1
 Kiss of Death            Conj/Necr      0%         2d5       32%         1
 Ensorcelled Hibernation  Hex/Ice        0%         N/A       45%         2
 Passwall                 Tmut/Erth      0%         N/A       45%         2
 Confusing Touch          Hex            0%         N/A       69%         3
 Frozen Ramparts          Ice            0%         1d1       69%         3
 Hailstorm                Conj/Ice       0%         3d3       69%         3
 Swiftness                Air            0%         N/A       69%         3
 Dispel Undead            Necr           0%         3d6       97%         4


Dungeon Overview and Level Annotations

Branches:
Dungeon (3/15)

Altars:
Qazlal

Shops:
D:2 (*=!


Innate Abilities, Weirdness & Mutations

Your natural rate of healing is accelerated.
You have razor-sharp teeth.
You have supernaturally acute eyesight. (SInv)
You are afflicted with vampirism and can become a bat while bloodless.


Message History

You are too injured to fight recklessly!
You are too injured to fight recklessly!
You hit the sleepcap.
The sleepcap is heavily damaged.
The sleepcap releases spores at you but does no damage.
You hit the sleepcap but do no damage.
The sleepcap is heavily damaged.
The sleepcap misses you.
The sleepcap releases spores at you but does no damage.
You hit the sleepcap.
The sleepcap is heavily damaged.
The sleepcap releases spores at you!
You hit the sleepcap but do no damage.
The sleepcap is heavily damaged.
You block the sleepcap's attack.
You hit the sleepcap but do no damage.
The sleepcap is heavily damaged.
The sleepcap releases spores at you!
* * * LOW HITPOINT WARNING * * *
You hit the sleepcap.
The sleepcap is heavily damaged.
The sleepcap closely misses you.
You hit the sleepcap. You bite the sleepcap.
The sleepcap is almost destroyed.
The sleepcap releases spores at you.
* * * LOW HITPOINT WARNING * * *
You completely miss the sleepcap. You bite the sleepcap.
The sleepcap is almost destroyed.
You block the sleepcap's attack.
You hit the sleepcap but do no damage.
The sleepcap is almost destroyed.
The sleepcap barely misses you.
You hit the sleepcap.
The sleepcap is almost destroyed.
The sleepcap releases spores at you.
* * * LOW HITPOINT WARNING * * *
You are engulfed in a cloud of soporific spores!
You fall asleep.
The sleepcap releases spores at you.
You die...

######
...<.#
.....#
.....#
#+#########
####
..........#
..#
...######.#
#f# # ...#
#.######@#.#
...#
#..........#
...#
#.########.#
...# ### .#
...# # .^.#
... .. #


You could see a sleepcap.

Vanquished Creatures
  A hound (D:2)
  2 adders
  An orc (D:3)
  3 ball pythons
  4 endoplasms
  3 giant cockroaches
  9 goblins
  6 hobgoblins
  4 jackals (D:3)
  5 kobolds
  4 quokkas
  7 bats
  2 frilled lizards
  2 rats (D:1)
53 creatures vanquished.

Notes
Turn   | Place    | Note
-------+----------+-------------------------------------------
     0 | D:1      | Iniera the Vampire Monk began the quest for the Orb.
     0 | D:1      | Reached XP level 1. HP: 17/17 MP: 1/1
    87 | D:1      | Reached XP level 2. HP: 19/23 MP: 2/2
   396 | D:1      | Found a faded altar of an unknown god.
   584 | D:2      | Gained mutation: You are afflicted with vampirism and can
                  | become a bat while bloodless. [Vampire growth]
   584 | D:2      | Reached XP level 3. HP: 29/29 MP: 3/3
   921 | D:2      | Found Mamuvuc's Weapon Boutique.
   929 | D:2      | Found Rekkan's General Store.
   937 | D:2      | Bought a potion of heal wounds for 70 gold pieces
  1094 | D:2      | Found Wialim's Jewellery Emporium.
  1318 | D:2      | Found a stormy altar of Qazlal.
  1335 | D:2      | Became a worshipper of Qazlal Stormbringer
  1335 | D:2      | Reached * piety under Qazlal
  1335 | D:2      | Reached ** piety under Qazlal
  1377 | D:2      | Found Puaros's Distillery.
  1383 | D:2      | Bought a potion of degeneration for 13 gold pieces
  1434 | D:2      | Reached XP level 4. HP: 35/35 MP: 4/4
  1678 | D:3      | Slain by a sleepcap

Illustrated notes

Levels and vault maps discovered:
D:1:      dpeg_arrival_arbitrary_a, layout_rooms,
          hellmonk_ecumenical_altar_run_dry, minmay_misc_feat_nine_boxes,
          minmay_close_crescents
D:2:      layout_basic, serial_shops, nicolae_shop_tiny_statue_garden,
          nicolae_shop_bloodbath_and_beyond, nicolae_shop_crystal,
          nicolae_shop_just_a_little_nook, basic_altar
D:3:      layout_basic, uniq_sigmund

Skill      XL: |  1  2  3 |
---------------+----------+-----
Fighting       | 3 |  3.3
Long Blades    | 4 |  4.4
Dodging        | 4 |  4.0

Action                     |  1- 3 |  4- 6 || total
---------------------------+-------+-------++-------
  Melee: Falchion          |   108 |    35 ||   143
         Bite              |    10 |     6 ||    16
 Armour: Robe              |    16 |     5 ||    21
  Dodge: Dodged            |    81 |    17 ||    98
  Block: Orb               |     1 |     4 ||     5

Table legend: (Time is in decaauts)
 A = Elapsed time spent in this place.
 B = Non-inter-level travel time spent in this place.
 C = Inter-level travel time spent in this place.
 D = Time resting spent in this place.
 E = Time spent auto-exploring this place.
 F = Levels seen in this place.
 G = Mean time per level.
                   A        B        C        D        E       F      G
               +--------+--------+--------+--------+--------+-----+--------+
         Total |   1694 |   1614 |     80 |      0 |   1277 |   3 |  564.7 |
       Dungeon |   1694 |   1614 |     80 |      0 |   1277 |   3 |  564.7 |
               +--------+--------+--------+--------+--------+-----+--------+

Top non-repeatable levels by time:
     D:2: 857 daAuts
     D:1: 583 daAuts
     D:3: 253 daAuts
